 Dungeon Crawl Stone Soup version 0.27-a0-998-g4cfe56dd59 (webtiles) character file.

Game seed: 770051961567327774

329 spiderkeys the Firebug (level 6, 0/49 HPs)
             Began as a Deep Dwarf Fire Elementalist on Apr 17, 2021.
             Killed from afar by an orc wizard (2 damage)
             ... with a magic dart
             ... on level 4 of the Dungeon.
             The game lasted 00:10:15 (3095 turns).

spiderkeys the Firebug (DDFE)                       Turns: 3095, Time: 00:10:15

Health: 0/49       AC:  5    Str: 18    XL:     6   Next: 25%
Magic:  5/9        EV: 13    Int: 23    God:
Gold:   200        SH:  0    Dex: 13    Spells: 8/9 levels left

rFire    . . .     SeeInvis .   l - +2 falchion (vorpal)
rCold    . . .     Faith    .   (no shield)
rNeg     . . .     Spirit   .   a - +1 robe
rPois    .         Reflect  .   g - +2 hat {Will+}
rElec    .         Harm     .   (no cloak)
rCorr    .         Rampage  .   (no gloves)
Will     +....                  (no boots)
Stlth    ++........             (no amulet)
HPRegen  0.00/turn              I - +6 ring of intelligence
MPRegen  0.11/turn              S - +6 ring of strength

@: non-regenerating
A: damage resistance, heal wounds, sense surroundings 1, no regeneration
a: Heal Wounds


You were on level 4 of the Dungeon.
You visited 1 branch of the dungeon, and saw 4 of its levels.

You collected 200 gold pieces.


Innate Abilities, Weirdness & Mutations

You are resistant to damage.
You can heal yourself by infusing magical energy.
You passively map a small area around you.
You do not regenerate.


   Skills:
 + Level 4.0 Dodging
 - Level 2.4 Stealth
 - Level 2.3 Spellcasting
 + Level 2.9 Conjurations
 * Level 4.6 Fire Magic


You had 8 spell levels left.
You knew the following spells:

 Your Spells              Type           Power      Damage    Failure   Level
f - Foxfire               Conj/Fire      80%        2x1d8     2%          1

Your spell library contained the following spells:

 Spells                   Type           Power      Damage    Failure   Level
 Conjure Flame            Conj/Fire      20%        6-21      8%          3
 Inner Flame              Hex/Fire       13%        N/A       14%         3
 Sticky Flame             Conj/Fire      20%        2d4       26%         4
 Fireball                 Conj/Fire      10%        3d6       58%         5

Inventory:

Hand Weapons
 l - a +2 vorpal falchion (weapon)
   (You took it off an orc on level 2 of the Dungeon)
Missiles
 c - 93 stones
 e - 10 poisoned darts
 h - 53 arrows
 i - 22 bolts
Armour
 a - a +1 robe (worn)
 g - a +2 hat of willpower (worn)
   (You found it on level 1 of the Dungeon)
Jewellery
 I - a +6 ring of intelligence (left hand)
   (You found it on level 2 of the Dungeon)
 S - a +6 ring of strength (right hand)
   (You found it on level 4 of the Dungeon)
Wands
 n - a wand of digging (3)
   (You took it off Ijyb on level 4 of the Dungeon)
Scrolls
 d - a scroll of silence {unknown}
Potions
 b - a potion of might {unknown}
 f - 2 potions of degeneration {unknown}
 j - a potion of resistance {unknown}
 k - a potion of lignification {unknown}
 m - a potion of magic {unknown}

Dungeon Overview and Level Annotations

Branches:
Dungeon (4/15)
 Temple: D:4-7

Altars:
Vehumet

Shops:
D:1

??*[ #.....#
........
##......##........
#..........#......
#.................
#.................
#........§#o..o...
#.......§v># , ,
#......§§§## ,
#......§@## * , *
#......§## * ,, #
###......## ,
#######...###### *
* .....#...## ,
.......### , *
......## ....)## ,
....##


You could see an orc wizard (ally target).


Message History

😨 MP[-1]
You lost 1 mp, and now have 2/9 mp.
The foxfire hits Ijyb but does no damage.
Casting: Foxfire (safe; 2% risk of failure)
Confirm with . or Enter, or press ? or * to list all spells.
You conjure some foxfire!
Ijyb hits you with a +2 dagger of venom.
You are more poisoned. 😨 MP[-1]
You lost 1 mp, and now have 1/9 mp.
Casting: Foxfire (safe; 2% risk of failure)
Confirm with . or Enter, or press ? or * to list all spells.
You conjure some foxfire!
Ijyb hits you with a +2 dagger of venom.
* * * LOW HITPOINT WARNING * * *
You are more poisoned. 😨 HP[-4] MP[-1]
You take 4 damage, and now have 13/49 hp.
You lost 1 mp, and now have 0/9 mp.
The foxfire hits Ijyb but does no damage.
The foxfire hits Ijyb.
The foxfire hits Ijyb but does no damage.
You closely miss Ijyb.
Ijyb hits you with a +2 dagger of venom.
* * * LOW HITPOINT WARNING * * *
You are more poisoned. 😱 HP[-2]
You take 2 damage, and now have 11/49 hp.
You hit Ijyb but do no damage. Ijyb barely misses you.
The orc closely misses you. 😱 MP[+1]
You barely miss Ijyb. Ijyb misses you.
You riposte.
You barely miss Ijyb. The orc hits you with a +0 mace. Ijyb barely misses you.
You riposte.
You hit Ijyb.
You kill Ijyb!
Your Dodging skill increases to level 4!
The orc misses you. The orc completely misses you.
Casting: Foxfire (safe; 2% risk of failure)
Confirm with . or Enter, or press ? or * to list all spells.
You conjure some foxfire!
The foxfire hits the orc.
The orc barely misses you.
You riposte.
You hit the orc. 😱 MP[-1]
You lost 1 mp, and now have 0/9 mp.
The foxfire hits the orc.
You kill the orc!
Casting: Foxfire (safe; 2% risk of failure)
Confirm with . or Enter, or press ? or * to list all spells.
You don't have enough magic to cast this spell. 😱 MP[+1]
Casting: Foxfire (safe; 2% risk of failure)
Confirm with . or Enter, or press ? or * to list all spells.
You conjure some foxfire!
You are no longer poisoned. 😱 MP[-1]
You lost 1 mp, and now have 0/9 mp.
The foxfire hits the orc. x2
You kill the orc!
Things that are here:
a +0 club; a +0 leather armour Key pressed, stopping explore.
n - a wand of digging (3)
Things that are here:
a +2 dagger of venom; a +2 leather armour of cold resistance 😱 MP[+9]
Your mp is fully restored (9).
Found a stone staircase leading down.
An orc wizard comes into view. It is wielding a +0 dagger.
There is a stone staircase leading down here.
Casting: Foxfire (safe; 2% risk of failure)
Confirm with . or Enter, or press ? or * to list all spells.
You conjure some foxfire!
The orc wizard shouts!
You hear a shout! 😱 MP[-1]
You lost 1 mp, and now have 8/9 mp.
Casting: Foxfire (safe; 2% risk of failure)
Confirm with . or Enter, or press ? or * to list all spells.
You conjure some foxfire! 😱 MP[-1]
You lost 1 mp, and now have 7/9 mp.
The foxfire hits the orc wizard.
The foxfire hits the orc wizard but does no damage.
Casting: Foxfire (safe; 2% risk of failure)
Confirm with . or Enter, or press ? or * to list all spells.
You conjure some foxfire! 😱 MP[-1]
You lost 1 mp, and now have 6/9 mp.
Casting: Foxfire (safe; 2% risk of failure)
Confirm with . or Enter, or press ? or * to list all spells.
You conjure some foxfire!
The foxfire hits the orc wizard. x2
The orc wizard points at you and mumbles some strange words.
The puff of flame hits you!
* * * LOW HITPOINT WARNING * * *
😱 HP[-9] MP[-1]
You take 9 damage, and now have 2/49 hp.
You lost 1 mp, and now have 5/9 mp.
The foxfire hits the orc wizard but does no damage.
The orc wizard casts a spell at you. The magic dart hits you.
You die...

Skill      XL: |  1  2  3  4  5  6 |
---------------+-------------------+-----
Conjurations   | 1 2 |  2.9
Spellcasting   | 2 |  2.3
Fire Magic     | 3 4 |  4.6
Dodging        | 3 4 |  4.0
Stealth        | |  2.4

Action                   |  1- 3 |  4- 6 || total
-------------------------+-------+-------++-------
Melee: Unarmed           |    11 |       ||    11
       Falchion          |       |    15 ||    15
 Cast: Foxfire           |    55 |    91 ||   146
  Use: Scroll            |       |     2 ||     2
       Potion            |       |     3 ||     3
Armor: Robe              |     3 |    12 ||    15
Dodge: Dodged            |    18 |    36 ||    54
       Rpst.: Falchion   |       |    18 ||    18

Levels and vault maps discovered:
D:1:      roderic_dead_forest, layout_rooms, serial_shops, shop, shop, shop,
          shop, shapermc_ecumenical_altar_totnotflames, minmay_tromino_v2
D:2:      layout_rooms, basic_altar
D:3:      layout_basic, uniq_terence
D:4:      layout_cave_pods, hangedman_feature_mirror,
          amcnicky_mini_corridor_feature, uniq_crazy_yiuf_cottage, uniq_ijyb,
          uniq_robin

Notes
Turn   | Place    | Note
-------+----------+-------------------------------------------
     0 | D:1      | spiderkeys the Deep Dwarf Fire Elementalist began the quest
                  | for the Orb.
     0 | D:1      | Reached XP level 1. HP: 15/15 MP: 3/3
     0 | D:1      | magus.rc [v1.9.10]
    77 | D:1      | Reached skill level 1 in Conjurations
   129 | D:1      | Found Esigefa's Antique Armour Emporium.
   175 | D:1      | Reached XP level 2. HP: 16/22 MP: 0/4
   210 | D:1      | Reached skill level 2 in Spellcasting
   505 | D:1      | Found Isatisk's Magic Scroll Shop.
   510 | D:1      | Reached skill level 3 in Fire Magic
   636 | D:1      | Found Fyn Tunu's General Store.
   691 | D:1      | Reached XP level 3. HP: 11/28 MP: 2/6
   761 | D:1      | Found a faded altar of an unknown god.
   764 | D:1      | Found Ugynaenn's Magic Scroll Emporium.
  1087 | D:2      | Found a radiant altar of Vehumet.
  1097 | D:2      | Reached skill level 3 in Dodging
  1259 | D:2      | Reached XP level 4. HP: 14/36 MP: 5/7
  1338 | D:2      | Reached skill level 2 in Conjurations
  1683 | D:3      | Noticed Terence
  2066 | D:3      | Reached XP level 5. HP: 22/42 MP: 3/8
  2147 | D:3      | Killed Terence
  2148 | D:3      | Reached skill level 4 in Fire Magic
  2512 | D:4      | Noticed Robin
  2574 | D:4      | Noticed a phantom
  2592 | D:3      | HP: 5/42 [phantom (6)]
  2606 | D:3      | Killed a phantom
  2607 | D:3      | Reached XP level 6. HP: 21/49 MP: 3/9
  2844 | D:4      | Killed Robin
  2955 | D:4      | Noticed Ijyb
  2971 | D:4      | HP: 11/49 [Ijyb/+2 dagger of venom (2)]
  2973 | D:4      | Killed Ijyb
  2974 | D:4      | Reached skill level 4 in Dodging
  3094 | D:4      | HP: 2/49 [orc wizard/puff of flame (9)]
  3095 | D:4      | Killed from afar by an orc wizard

Vanquished Creatures
  A phantom (D:3)
  An orc priest (D:2)
  Ijyb (D:4)
  Terence (D:3)
  An orc wizard (D:3)
  Robin (D:4)
  A gnoll (D:1)
  3 adders
  4 dart slugs
  8 orcs
  5 bats (D:3)
  3 endoplasms
  4 giant cockroaches
  16 goblins
  9 hobgoblins
  2 jackals (D:1)
  2 kobolds
  2 quokkas
  3 ball pythons
  8 frilled lizards
  7 rats
83 creatures vanquished.

Vanquished Creatures (others)
  241 foxfires
241 creatures vanquished.

Grand Total: 324 creatures vanquished

Table legend:
 A = Non-vault XP
 B = Vault XP
 C = Vault XP percentage of total XP
 D = Non-vault monster count
 E = Vault monster count
 F = Vault count percentage of total count
                 A         B        C        D         E       F
            +---------+---------+-------+---------+---------+-------
      Total |     359 |     112 |  23.8 |      68 |      15 |  18.1
            +---------+---------+-------+---------+---------+-------
        D:1 |      54 |       2 |   3.6 |      24 |       2 |   7.7
        D:2 |     101 |       0 |   0.0 |      18 |       0 |   0.0
        D:3 |     195 |      40 |  17.0 |      22 |       3 |  12.0
        D:4 |       9 |      70 |  88.6 |       4 |      10 |  71.4
            +---------+---------+-------+---------+---------+-------

Illustrated notes

Table legend:
 A = Kills in this place as a percentage of kills in entire the game.
 B = Kills by you in this place as a percentage of kills by you in the entire game.
 C = Kills by friends in this place as a percentage of kills by friends in the entire game.
 D = Other kills in this place as a percentage of other kills in the entire game.
 E = Experience gained in this place as a percentage of experience gained in the entire game.
 F = Experience gained in this place divided by the number of levels of this place that you have seen.
                   A       B       C       D       E      F
               +-------+-------+-------+-------+-------+----------------------
         Total | 100.0 | 100.0 |   N/A |   N/A | 100.0 | 117.8
       Dungeon | 100.0 | 100.0 |   N/A |   N/A | 100.0 | 117.8
               +-------+-------+-------+-------+-------+----------------------

Table legend: (Time is in decaauts)
 A = Elapsed time spent in this place.
 B = Non-inter-level travel time spent in this place.
 C = Inter-level travel time spent in this place.
 D = Time resting spent in this place.
 E = Time spent auto-exploring this place.
 F = Levels seen in this place.
 G = Mean time per level.
                   A        B        C        D        E       F      G
               +--------+--------+--------+--------+--------+-----+--------+
         Total |   3100 |   2944 |    156 |      0 |   2326 |   4 |  775.0 |
       Dungeon |   3100 |   2944 |    156 |      0 |   2326 |   4 |  775.0 |
               +--------+--------+--------+--------+--------+-----+--------+

Top non-repeatable levels by time:
     D:3: 1011 daAuts
     D:1: 941 daAuts
     D:2: 769 daAuts
     D:4: 378 daAuts
